AoeStats
← Fulcrum

Arabia

510029270Analyzed
1v1 RM · 3d ago on Sep 29, 2026· 26m 55s· 2 players
Game mode
Random Map
Map size
Tiny (2 player)
Population
200
Speed
Normal
Resources
Standard
Victory
Conquest
Starting age
Dark Age
Ending age
Imperial Age
RankedLock teamsTeams togetherTeam positionsShared explorationLock speedFull tech treeHidden civsTurbo modeCheats
Victory
Defeat
🇦🇷 Chinese · Argentina
1132
+17
🇺🇸 Spanish · United States
1144
-17
Seba
0:27 Loom
10:27 Feudal Age
15:11 Forging
21:43 Castle Age
20:26 Fletching
20:58 Double-Bit Axe
21:16 Padded Archer Armor
21:49 Elite Skirmisher
22:54 Bodkin Arrow
23:55 Light Cavalry
25:34 Ballistics
26:23 Crossbowman
Fulcrum
10:51 Feudal Age
9:07 Loom
15:17 Castle Age
14:35 Double-Bit Axe
14:33 Horse Collar
Connection lost

Rejoining the realm…

Still unreachable

The connection could not be restored.

Session expired

The server has moved on; the page needs a fresh start.